 Dungeon Crawl Stone Soup version 0.16-a0-3728-gc6b4a4b (webtiles) character file.

85 MrRokkomies the Sneak (level 4, -9/27 HPs)
             Began as an Octopode Enchanter on Jan 22, 2015.
             Mangled by an ogre
             ... wielding a cursed -2 giant spiked club
              (29 damage)
             ... on level 3 of the Dungeon.
             The game lasted 00:06:16 (2119 turns).

MrRokkomies the Sneak (Octopode Enchanter)          Turns: 2119, Time: 00:06:16

Health: -9/27      AC:  1    Str:  7    XL:     4   Next: 48%
Magic:  0/7        EV: 12    Int: 18    God:
Gold:   167        SH:  0    Dex: 12    Spells: 2 memorised, 4 levels left

rFire  . . .     SeeInvis .     a - +1 dagger
rCold  . . .     Clarity  .     (no shield)
rNeg   . . .     SustAb   .     (helmet restricted)
rPois  .         Gourm    .     (no amulet)
rElec  .         Spirit   .     (no ring)
rCorr  .         Warding  .     (no ring)
rMut   .         Stasis   .     (no ring)
MR     .....                    (no ring)
Stlth  ++++......               (no ring)
                                (no ring)
                                (no ring)
                                (no ring)

@: not resistant to hostile enchantments, stealthy
A: almost no armour, amphibious, 8 rings, constrict 8, camouflage 1, gelatinous
body 1
a: no special abilities


You were on level 3 of the Dungeon.
You were very hungry.

You visited 1 branch of the dungeon, and saw 3 of its levels.

You collected 167 gold pieces.

Inventory:

Hand weapons
 a - a +1 dagger (weapon)
Missiles
 f - 4 tomahawks (quivered)
 h - 15 stones
Scrolls
 b - a scroll of remove curse
 g - a scroll of amnesia
 i - a scroll of teleportation
Potions
 e - a potion of mutation {unknown}
 k - a potion of cancellation {unknown}
 l - a potion of invisibility {unknown}
 m - a potion of curing
 q - a potion of magic {unknown}
Books
 c - a book of Maledictions

   Spells                             Type                      Level
   a - Corona                         Hexes                        1
   b - Sure Blade                     Hexes/Charms                 2
   c - Ensorcelled Hibernation        Hexes/Ice                    2
   d - Confuse                        Hexes                        3
   e - Dazzling Spray                 Conjuration/Hexes            3
   f - Enslavement                    Hexes                        4
Miscellaneous
 j - a plain deck of changes
Comestibles
 d - 2 bread rations
 n - a meat ration


   Skills:
 * Level 2.7 Short Blades
 - Level 2.0 Dodging
 + Level 4.8 Stealth
 - Level 2.0 Spellcasting
 * Level 3.9 Hexes


You had 4 spell levels left.
You knew the following spells:

 Your Spells              Type           Power        Failure   Level  Hunger
a - Corona                Hex            ###....      4%          1    #......
b - Ensorcelled Hibernat  Hex/Ice        #.....       14%         2    ###....


Dungeon Overview and Level Annotations

Branches:
Dungeon (3/15)

Altars:
Nemelex Xobeh


Innate Abilities, Weirdness & Mutations

You cannot wear most types of armour.
You are amphibious.
You can wear up to eight rings at the same time.
You can use your tentacles to constrict many enemies at once.
Your skin changes colour to match your surroundings (Stealth).
Your rubbery body absorbs attacks (AC +1).


Message History

Confirm with . or Enter, or press ? or * to list all spells.
Aiming: Ensorcelled Hibernation
Press: ? - help, Shift-Dir - straight line, f/p - ogre
Aim: an ogre, wielding a giant spiked club (moderately wounded, chance 39%)
You miscast Ensorcelled Hibernation.
You are very lightly contaminated with residual magic.
Nothing appears to happen.
The ogre barely misses you.
You are feeling very hungry.
Casting: Ensorcelled Hibernation
Confirm with . or Enter, or press ? or * to list all spells.
Aiming: Ensorcelled Hibernation
Press: ? - help, Shift-Dir - straight line, f/p - ogre
Aim: an ogre, wielding a giant spiked club (moderately wounded, chance 39%)
The ogre resists with some effort.
The ogre hits you with a giant spiked club.
The goblin hits you with a club.
Your magical contamination has completely faded away.
The ogre hits you with a giant spiked club!!
Ouch! That really hurt!
You die...

#.#............._..
#.#...#############
#.#.g.# # #.. #.
######.#...#
#.#.####.
#......#.###
#......#.
#.#...g..# #......
#.###### #......
#......# #..#.#.
#....@.# # #.##.#.
#....O.# #.#....#.
+....g.# #..g...#.
#<.....# ######.#.
######## #.#. ..#.
#.#. ..#. #.#.


You could see an ogre and a goblin.

Vanquished Creatures
  4 adders (D:2)
  A giant mite (D:2)
  2 giant geckos
  A ball python (D:1)
  2 giant cockroaches
  3 hobgoblins (D:1)
  11 bats
  5 giant newts (D:1)
  7 goblins
  4 kobolds
  4 rats
44 creatures vanquished.

Notes
Turn   | Place    | Note
--------------------------------------------------------------
     0 | D:1      | MrRokkomies, the Octopode Enchanter, began the quest for the Orb.
     0 | D:1      | Reached XP level 1. HP: 11/11 MP: 3/3
   150 | D:1      | Reached XP level 2. HP: 17/17 MP: 4/4
   154 | D:1      | Learned a level 2 spell: Ensorcelled Hibernation
   203 | D:1      | You fall through a shaft!
   284 | D:1      | Reached XP level 3. HP: 17/21 MP: 6/6
  1412 | D:2      | Reached XP level 4. HP: 24/27 MP: 7/7
  2027 | D:3      | Found a sparkling altar of Nemelex Xobeh.
  2060 | D:3      | Noticed an ogre
  2119 | D:3      | Mangled by an ogre

Action                   |  1- 3 |  4- 6 || total
-------------------------+-------+-------++-------
Melee: Dagger            |    71 |    19 ||    90
 Cast: Ensorcelled Hiber |     1 |     5 ||     6
  Use: Scroll            |       |     8 ||     8
       Potion            |       |     4 ||     4
 Stab: Sleeping          |    13 |     2 ||    15
  Eat: Chunk             |     1 |     2 ||     3
